TOP OF THE 1ST |
Springfield Stars batting - Pitching for Kalamazoo Royale with Cheese : LHP Lorenzo Sánchez
|
Pitching: LHP Lorenzo Sánchez
|
|
Batting: RHB Juan Rodríguez
|
0-0: Ball 1-0: Ball 2-0: Foul Ball, location: 2F 2-1: Ball 3-1: Swinging Strike 3-2: Fly out, F7 (Flyball, 78D)
|
Batting: RHB Calvin Bennett
|
0-0: Ground out 6-3 (Groundball, 6M)
|
Batting: LHB Derek Davidson
|
0-0: Swinging Strike 0-1: Foul Ball, location: 2F 0-2: Ball 1-2: Ground out U3 (Groundball, 3)
|
Top of the 1st over - 0 run(s), 0 hit(s), 0 error(s), 0 left on base; Springfield 0 - Kalamazoo 0 |
BOTTOM OF THE 1ST |
Kalamazoo Royale with Cheese batting - Pitching for Springfield Stars : RHP Dong-hyun Kim
|
Pitching: RHP Dong-hyun Kim
|
|
Batting: RHB Fernando Martínez
|
0-0: SINGLE (Groundball, 56)
|
Batting: LHB Robinson Fernández
|
0-0: Fly out, F8 (Flyball, 8LXD)
|
Batting: LHB William Ruffo
|
0-0: Ball 1-0: Ball 2-0: Called Strike 2-1: Called Strike 2-2: Foul Ball, location: 2F 2-2: Foul Ball, location: 2F 2-2: Fly out, F8 (Flyball, 8RM)
|
Batting: LHB Seung-woo Yi
|
0-0: Ball 1-0: Called Strike 1-1: Ball 2-1: Foul Ball, location: 2F 2-2: Ball 3-2: Foul Ball, location: 2F 3-2: Strikes out looking
|
Bottom of the 1st over - 0 run(s), 1 hit(s), 0 error(s), 1 left on base; Springfield 0 - Kalamazoo 0 |
TOP OF THE 2ND |
Springfield Stars batting - Pitching for Kalamazoo Royale with Cheese : LHP Lorenzo Sánchez
|
Batting: LHB Felipe Guerrero
|
0-0: Ball 1-0: Ball 2-0: Called Strike 2-1: Ball 3-1: Swinging Strike 3-2: Strikes out swinging
|
Batting: LHB Elliott Newell
|
0-0: Ball 1-0: Ground out 5-3 (Groundball, 5)
|
Batting: RHB Juan Carlos Rodríguez
|
0-0: Swinging Strike 0-1: Swinging Strike 0-2: Foul Ball, location: 2F 0-2: Strikes out swinging
|
Top of the 2nd over - 0 run(s), 0 hit(s), 0 error(s), 0 left on base; Springfield 0 - Kalamazoo 0 |
BOTTOM OF THE 2ND |
Kalamazoo Royale with Cheese batting - Pitching for Springfield Stars : RHP Dong-hyun Kim
|
Batting: LHB Roberto Sandoval
|
0-0: Ball 1-0: SINGLE (Line Drive, 34D)
|
Batting: RHB Jorge Márquez
|
0-0: Ball 1-0: SINGLE (Line Drive, 34D) Roberto Sandoval to second Runner from 2nd tries for 3rd, SAFE, throw made to third Jorge Márquez to second
|
Batting: LHB Juan Sánchez
|
0-0: Ball 1-0: Called Strike 1-1: Fly out, F7 (Line Drive, 78M) Runner from 3rd tags up, SCORES, throw made
|
Batting: LHB Bill McJannett
|
0-0: Ball 1-0: Called Strike 1-1: Ball 2-1: Called Strike 2-2: Ball 3-2: Base on Balls
|
Batting: RHB Jonathan MacVey
|
0-0: Ball 1-0: Swinging Strike 1-1: Ball 2-1: Swinging Strike 2-2: Ball 3-2: Strikes out swinging Bill McJannett is caught stealing 2nd base Batter strikes out.
|
Bottom of the 2nd over - 1 run(s), 2 hit(s), 0 error(s), 1 left on base; Springfield 0 - Kalamazoo 1 |
TOP OF THE 3RD |
Springfield Stars batting - Pitching for Kalamazoo Royale with Cheese : LHP Lorenzo Sánchez
|
Batting: SHB Shane Hutchinson
|
0-0: Called Strike 0-1: Swinging Strike 0-2: Ball 1-2: Strikes out swinging
|
Batting: RHB Will Sterling
|
0-0: Ball 1-0: Ball 2-0: Called Strike 2-1: Ground out 6-3 (Groundball, 6)
|
Batting: LHB Jesús Tobías
|
0-0: Foul Ball, location: 2F 0-1: Fly out, F7 (Flyball, 78M)
|
Top of the 3rd over - 0 run(s), 0 hit(s), 0 error(s), 0 left on base; Springfield 0 - Kalamazoo 1 |
BOTTOM OF THE 3RD |
Kalamazoo Royale with Cheese batting - Pitching for Springfield Stars : RHP Dong-hyun Kim
|
Batting: RHB Fernando Martínez
|
0-0: Ball 1-0: Foul Ball, location: 2F 1-1: Foul Ball, location: 2F 1-2: SINGLE (Flyball, 7S)
|
Batting: LHB Robinson Fernández
|
0-0: Ball 1-0: Ball 2-0: SINGLE (Line Drive, 56D) Fernando Martínez to second
|
Batting: LHB William Ruffo
|
0-0: Fly out, F7 (Flyball, 7D) Runner from 2nd tags up, SAFE at 3rd, no throw
|
Batting: LHB Seung-woo Yi
|
0-0: Called Strike 0-1: Ball 1-1: SINGLE (Groundball, 34) Fernando Martínez scores Robinson Fernández to second Runner from 2nd tries for 3rd, SAFE, throw made to third
|
Batting: LHB Roberto Sandoval
|
0-0: Ball 1-0: Fielders Choice at 2nd, 3-6 (Groundball, 3) Robinson Fernández scores
|
Batting: RHB Jorge Márquez
|
0-0: Ball 1-0: Fly out, F9 (Flyball, 9M)
|
Bottom of the 3rd over - 2 run(s), 3 hit(s), 0 error(s), 1 left on base; Springfield 0 - Kalamazoo 3 |
TOP OF THE 4TH |
Springfield Stars batting - Pitching for Kalamazoo Royale with Cheese : LHP Lorenzo Sánchez
|
Batting: RHB Juan Rodríguez
|
0-0: Called Strike 0-1: SINGLE (Groundball, 6MD)
|
Batting: RHB Calvin Bennett
|
0-0: Ball 1-0: Ball 2-0: Ball 3-0: Called Strike 3-1: Called Strike 3-2: Foul Ball, location: 2F 3-2: Foul Ball, location: 2F 3-2: Foul Ball, location: 2F 3-2: Base on Balls Juan Rodríguez to second
|
Batting: LHB Derek Davidson
|
0-0: Called Strike 0-1: Ball 1-1: Called Strike 1-2: DOUBLE (Line Drive, 8RXD) Juan Rodríguez scores Calvin Bennett to third
|
Batting: LHB Felipe Guerrero
|
0-0: Foul Ball, location: 2F 0-1: Ball 1-1: Ground out 6-3 (Groundball, 6M) Calvin Bennett scores Derek Davidson to third
|
Batting: LHB Elliott Newell
|
0-0: Ball 1-0: Foul Ball, location: 2F 1-1: Fly out, F7 (Flyball, 7M) Runner from 3rd tags up, SCORES, no throw
|
Batting: RHB Juan Carlos Rodríguez
|
0-0: Called Strike 0-1: Ground out 6-3 (Groundball, 6)
|
Top of the 4th over - 3 run(s), 2 hit(s), 0 error(s), 0 left on base; Springfield 3 - Kalamazoo 3 |
BOTTOM OF THE 4TH |
Kalamazoo Royale with Cheese batting - Pitching for Springfield Stars : RHP Dong-hyun Kim
|
Batting: LHB Juan Sánchez
|
0-0: Swinging Strike 0-1: Called Strike 0-2: Ground out 3-1 (Groundball, 34)
|
Batting: LHB Bill McJannett
|
0-0: Called Strike 0-1: Foul Ball, location: 2F 0-2: SOLO HOME RUN (Flyball, 89XD), Distance : 426 ft
|
Batting: RHB Jonathan MacVey
|
0-0: Called Strike 0-1: Ball 1-1: Foul Ball, location: 2F 1-2: Ball 2-2: SINGLE (Groundball, 56)
|
Batting: RHB Fernando Martínez
|
0-0: Fly out, F4 (Popup, 4D)
|
Batting: LHB Robinson Fernández
|
0-0: Swinging Strike 0-1: Ball 1-1: Ball 2-1: Fielders Choice at 2nd, 6-4 (Groundball, 56)
|
Bottom of the 4th over - 1 run(s), 2 hit(s), 0 error(s), 0 left on base; Springfield 3 - Kalamazoo 4 |
TOP OF THE 5TH |
Springfield Stars batting - Pitching for Kalamazoo Royale with Cheese : LHP Lorenzo Sánchez
|
Batting: SHB Shane Hutchinson
|
0-0: Swinging Strike 0-1: Foul Ball, location: 2F 0-2: Strikes out swinging
|
Batting: RHB Will Sterling
|
0-0: Ground out 4-3 (Groundball, 4)
|
Batting: LHB Jesús Tobías
|
0-0: DOUBLE (Line Drive, 9LM)
|
Batting: RHB Juan Rodríguez
|
0-0: Ball 1-0: Swinging Strike 1-1: Ground out 4-3 (Groundball, 4)
|
Top of the 5th over - 0 run(s), 1 hit(s), 0 error(s), 1 left on base; Springfield 3 - Kalamazoo 4 |
BOTTOM OF THE 5TH |
Kalamazoo Royale with Cheese batting - Pitching for Springfield Stars : RHP Dong-hyun Kim
|
Batting: LHB William Ruffo
|
0-0: Ground out 1-3 (Groundball, 15)
|
Batting: LHB Seung-woo Yi
|
0-0: Ball 1-0: Ball 2-0: Ball 3-0: Called Strike 3-1: Base on Balls
|
Batting: LHB Roberto Sandoval
|
0-0: Ball 1-0: Ball 2-0: Ball 3-0: Called Strike 3-1: Grounds into double play, 4-6-3 (Groundball, 34)
|
Bottom of the 5th over - 0 run(s), 0 hit(s), 0 error(s), 0 left on base; Springfield 3 - Kalamazoo 4 |
TOP OF THE 6TH |
Springfield Stars batting - Pitching for Kalamazoo Royale with Cheese : LHP Lorenzo Sánchez
|
Batting: RHB Calvin Bennett
|
0-0: Called Strike 0-1: Foul Ball, location: 2F 0-2: Ground out 5-3 (Groundball, 5S)
|
Batting: LHB Derek Davidson
|
0-0: Ball 1-0: Ball 2-0: Foul Ball, location: 2F 2-1: Fly out, F7 (Flyball, 7M)
|
Batting: LHB Felipe Guerrero
|
0-0: Called Strike 0-1: Ball 1-1: Foul Ball, location: 2F 1-2: Strikes out looking
|
Top of the 6th over - 0 run(s), 0 hit(s), 0 error(s), 0 left on base; Springfield 3 - Kalamazoo 4 |
BOTTOM OF THE 6TH |
Kalamazoo Royale with Cheese batting - Pitching for Springfield Stars : RHP Dong-hyun Kim
|
Batting: RHB Jorge Márquez
|
0-0: Ball 1-0: Fly out, F9 (Flyball, 9S)
|
Batting: LHB Juan Sánchez
|
0-0: Ball 1-0: Swinging Strike 1-1: Ball 2-1: Foul Ball, location: 2F 2-2: Strikes out swinging
|
Batting: LHB Bill McJannett
|
0-0: Ball 1-0: Called Strike 1-1: Ball 2-1: Swinging Strike 2-2: Ball 3-2: Strikes out looking
|
Bottom of the 6th over - 0 run(s), 0 hit(s), 0 error(s), 0 left on base; Springfield 3 - Kalamazoo 4 |
TOP OF THE 7TH |
Springfield Stars batting - Pitching for Kalamazoo Royale with Cheese : LHP Lorenzo Sánchez
|
Batting: LHB Elliott Newell
|
0-0: DOUBLE (Flyball, 78D)
|
Batting: RHB Juan Carlos Rodríguez
|
0-0: Ball 1-0: Ball 2-0: Ball 3-0: Base on Balls
|
Batting: SHB Shane Hutchinson
|
0-0: Ball 1-0: Called Strike 1-1: Foul Ball, location: 2F 1-2: SINGLE (Groundball, 5D) Elliott Newell to third Juan Carlos Rodríguez to second
|
Batting: RHB Will Sterling
|
0-0: Called Strike 0-1: Ball 1-1: Fly out, F8 (Flyball, 8LS)
|
Pitching: RHP António Ojeda
|
|
Batting: LHB Jesús Tobías
|
0-0: Ball 1-0: Called Strike 1-1: Foul Ball, location: 2F 1-2: TRIPLE (Flyball, 89M) Elliott Newell scores Juan Carlos Rodríguez scores Shane Hutchinson scores
|
Batting: RHB Juan Rodríguez
|
0-0: Called Strike 0-1: Ball 1-1: Ball 2-1: Called Strike 2-2: DOUBLE (Flyball, 9D) Jesús Tobías scores
|
Batting: RHB Calvin Bennett
|
0-0: Ball 1-0: Ball 2-0: Called Strike 2-1: 2-RUN HOME RUN (Flyball, 8LXD), Distance : 443 ft
|
Batting: LHB Derek Davidson
|
0-0: Ball 1-0: Ball 2-0: Ball 3-0: SOLO HOME RUN (Flyball, 89XD), Distance : 434 ft
|
Pitching: RHP Roberto Ledesma
|
|
Batting: LHB Felipe Guerrero
|
0-0: Ball 1-0: Swinging Strike 1-1: Foul Ball, location: 2F 1-2: Foul Ball, location: 2F 1-2: Ball 2-2: Fly out, F9 (Flyball, 9LM)
|
Batting: LHB Elliott Newell
|
0-0: Swinging Strike 0-1: Ball 1-1: Foul Ball, location: 2F 1-2: Strikes out looking
|
Top of the 7th over - 7 run(s), 6 hit(s), 0 error(s), 0 left on base; Springfield 10 - Kalamazoo 4 |
BOTTOM OF THE 7TH |
Kalamazoo Royale with Cheese batting - Pitching for Springfield Stars : RHP Dong-hyun Kim
|
Pitching: LHP Enrique Muñóz
|
|
Batting: RHB Jonathan MacVey
|
0-0: Ball 1-0: Called Strike 1-1: Swinging Strike 1-2: Ball 2-2: Ground out 6-3 (Groundball, 6)
|
Batting: RHB Fernando Martínez
|
0-0: Ground out 4-3 (Groundball, 4)
|
Batting: LHB Robinson Fernández
|
0-0: Ball 1-0: Ball 2-0: Ground out 1-3 (Groundball, 13S)
|
Bottom of the 7th over - 0 run(s), 0 hit(s), 0 error(s), 0 left on base; Springfield 10 - Kalamazoo 4 |
TOP OF THE 8TH |
Springfield Stars batting - Pitching for Kalamazoo Royale with Cheese : RHP Roberto Ledesma
|
Batting: RHB Juan Carlos Rodríguez
|
0-0: Ball 1-0: Ball 2-0: Swinging Strike 2-1: Ball 3-1: Base on Balls
|
Batting: SHB Shane Hutchinson
|
0-0: Swinging Strike 0-1: Ground out 4-3 (Groundball, 13) Juan Carlos Rodríguez to second
|
Batting: RHB Will Sterling
|
0-0: Called Strike 0-1: Ball 1-1: Swinging Strike 1-2: Ball 2-2: Strikes out looking
|
Batting: LHB Jesús Tobías
|
0-0: Foul Ball, location: 2F 0-1: Ball 1-1: Ball 2-1: Foul Ball, location: 2F 2-2: Strikes out looking
|
Top of the 8th over - 0 run(s), 0 hit(s), 0 error(s), 1 left on base; Springfield 10 - Kalamazoo 4 |
BOTTOM OF THE 8TH |
Kalamazoo Royale with Cheese batting - Pitching for Springfield Stars : LHP Enrique Muñóz
|
Now at 2B: David García
|
|
Batting: LHB William Ruffo
|
0-0: Ball 1-0: Ball 2-0: Ball 3-0: Called Strike 3-1: Base on Balls
|
Batting: LHB Seung-woo Yi
|
0-0: SINGLE (Line Drive, 9S) William Ruffo to second
|
Batting: LHB Roberto Sandoval
|
0-0: Ball 1-0: SINGLE (Line Drive, 4MD) William Ruffo to third Seung-woo Yi to second
|
Batting: RHB Jorge Márquez
|
0-0: Called Strike 0-1: Ball 1-1: Swinging Strike 1-2: SINGLE (Line Drive, 9LS) William Ruffo scores Seung-woo Yi to third Roberto Sandoval to second
|
Pitching: RHP José Valdéz
|
|
Batting: LHB Juan Sánchez
|
0-0: Ball 1-0: SINGLE (Groundball, 2L) (infield hit) Seung-woo Yi scores Roberto Sandoval to third Jorge Márquez to second
|
Batting: LHB Bill McJannett
|
0-0: Called Strike 0-1: Fly out, F3 (Popup, 3S)
|
Batting: RHB Jonathan MacVey
|
0-0: Foul Ball, location: 2F 0-1: Ball 1-1: Called Strike 1-2: Strikes out looking
|
Batting: RHB Fernando Martínez
|
0-0: Ball 1-0: Called Strike 1-1: Foul Ball, location: 2F 1-2: Ball 2-2: Strikes out swinging
|
Bottom of the 8th over - 2 run(s), 4 hit(s), 0 error(s), 3 left on base; Springfield 10 - Kalamazoo 6 |
TOP OF THE 9TH |
Springfield Stars batting - Pitching for Kalamazoo Royale with Cheese : RHP Roberto Ledesma
|
Batting: RHB Juan Rodríguez
|
0-0: Ball 1-0: Fly out, F5 (Line Drive, 5D)
|
Batting: RHB Calvin Bennett
|
0-0: Ball 1-0: Called Strike 1-1: Ground out 6-3 (Groundball, 6)
|
Batting: LHB Derek Davidson
|
0-0: Called Strike 0-1: Ball 1-1: Ball 2-1: Swinging Strike 2-2: Strikes out swinging
|
Top of the 9th over - 0 run(s), 0 hit(s), 0 error(s), 0 left on base; Springfield 10 - Kalamazoo 6 |
BOTTOM OF THE 9TH |
Kalamazoo Royale with Cheese batting - Pitching for Springfield Stars : RHP José Valdéz
|
Batting: LHB Robinson Fernández
|
0-0: Called Strike 0-1: Called Strike 0-2: Fly out, F7 (Flyball, 8LM)
|
Batting: LHB William Ruffo
|
0-0: Foul Ball, location: 2F 0-1: Swinging Strike 0-2: Ball 1-2: Strikes out swinging
|
Batting: LHB Seung-woo Yi
|
0-0: Foul Ball, location: 2F 0-1: Swinging Strike 0-2: Foul Ball, location: 2F 0-2: Ball 1-2: Strikes out swinging
|
Bottom of the 9th over - 0 run(s), 0 hit(s), 0 error(s), 0 left on base; Springfield 10 - Kalamazoo 6 |
|